 Dungeon Crawl Stone Soup version 0.24-a0-537-g2d01d4ab0a (webtiles) character file.

Game seed: 15439394895187369454

175 DrKleor the Chopper (level 5, -1/41 HPs)
             Began as a Formicid Fighter on Aug 12, 2019.
             Was a Follower of Qazlal.
             Slain by Crazy Yiuf
             ... wielding a +4 quarterstaff of chaos
              (3 damage)
             ... on level 3 of the Dungeon.
             The game lasted 00:05:59 (2560 turns).

DrKleor the Chopper (Formicid Fighter)              Turns: 2560, Time: 00:06:01

Health: -1/41      AC:  8    Str: 22    XL:     5   Next: 86%
Magic:  7/7        EV:  8    Int: 12    God:    Qazlal [*.....]
Gold:   129        SH: 11    Dex: 10    Spells: 4/4 levels left

rFire    . . .     SeeInvis +   a - +0 war axe
rCold    . . .     Gourm    .   c - +0 shield
rNeg     . . .     Faith    .   b - +0 scale mail
rPois    .         Spirit   .   (helmet unavailable)
rElec    .         Reflect  .   u - +0 cloak
rCorr    .         Harm     .   (no gloves)
MR       .....                  (no boots)
Stlth    +.........             (no amulet)
HPRegen  0.13/turn              o - ring of stealth
MPRegen  0.10/turn              q - +5 ring of intelligence

@: no status effects
A: permanent stasis, dig shafts and tunnels, four strong arms, antennae 3
a: Dig, Shaft Self, Renounce Religion


You were on level 3 of the Dungeon.
You worshipped Qazlal.
Qazlal was aware of your devotion.
You were not hungry.

You visited 1 branch of the dungeon, and saw 3 of its levels.

You collected 129 gold pieces.

Inventory:

Hand Weapons
 a - a +0 war axe (weapon)
Missiles
 t - 6 curare-tipped darts (quivered)
Armour
 b - a +0 scale mail (worn)
 c - a +0 shield (worn)
 u - a +0 cloak (worn)
Jewellery
 o - a ring of stealth (left hand)
 q - a +5 ring of intelligence (right hand)
Scrolls
 e - 5 scrolls of identify {unknown}
 g - 2 scrolls of teleportation {unknown}
 h - a scroll of random uselessness {unknown}
 k - a scroll of enchant armour {unknown}
 l - a scroll of remove curse {unknown}
 n - a scroll of enchant weapon {unknown}
 s - a scroll of blinking {unknown}
Potions
 d - 3 potions of might
 i - 3 potions of lignification {unknown}
 j - 4 potions of brilliance {unknown}
 m - 2 potions of ambrosia {unknown}
 p - a potion of curing
Comestibles
 f - 7 rations


   Skills:
 - Level 3.2 Fighting
 + Level 4.7 Axes
 - Level 3.2 Armour
 - Level 3.6 Shields
 + Level 3.2 Invocations


You had 4 spell levels left.
You didn't know any spells.
Your spell library was empty.

Dungeon Overview and Level Annotations

Branches:
Dungeon (3/15)

Altars:
Okawaru
Qazlal
Ru
Trog
Vehumet

Annotations:
D:3 Crazy Yiuf


Innate Abilities, Weirdness & Mutations

You cannot be hasted, slowed, berserked, paralysed or teleported.
You can dig through walls and to a lower floor.
Your four strong arms can wield two-handed weapons with a shield.
You have a pair of large antennae on your head. (SInv)


Message History

You block Crazy Yiuf's attack.
You hit Crazy Yiuf.
Crazy Yiuf is severely wounded.
Crazy Yiuf yells, "Lugonu agre sallow!"
You block Crazy Yiuf's attack.
You closely miss Crazy Yiuf.
Crazy Yiuf is severely wounded.
Crazy Yiuf hits you with a +4 quarterstaff of chaos!
Crazy Yiuf burns you.
Your shield and scale mail prevent you from hitting Crazy Yiuf.
Crazy Yiuf is severely wounded.
Crazy Yiuf hits you with a +4 quarterstaff of chaos.
* * * LOW HITPOINT WARNING * * *
Your shield prevents you from hitting Crazy Yiuf.
Crazy Yiuf is severely wounded.
You block Crazy Yiuf's attack.
Crazy Yiuf hits you with a +4 quarterstaff of chaos!
* * * LOW HITPOINT WARNING * * *
Crazy Yiuf freezes you.
You die...

.#########
#....#
.†.......###
♣.P.P♣
########...#
♣.P.♣♣ #. #####
♣♣.♣♣ #.# ♣.♣♣
#.#
############
♣♣.♣ #.#
..(.....)..#
♣.♣♣ #.####
##########.#
♣♣.♣ #.##.##
#.# #@#
#.#.#.## #.#
#.g.#
###..###.## #.#
#...# #...##
##.# #.# #..)#
####.###.## #.#
##### ##.#.##
#.# ##.#####
#.#### ###
#.†.... #.##.#
#.# #.#####
#.##.###>######
#.#


You could see Crazy Yiuf.

Vanquished Creatures
  Natasha (thrice) (D:2)
  3 adders
  2 worms
  4 dart slugs
  4 leopard geckos
  2 orcs (D:3)
  2 ball pythons
  7 bats
  2 giant cockroaches (D:1)
  5 goblins
  8 hobgoblins
  6 frilled lizards
  8 kobolds
  5 rats
61 creatures vanquished.

Notes
Turn   | Place    | Note
-------+----------+-------------------------------------------
     0 | D:1      | DrKleor the Formicid Fighter began the quest for the Orb.
     0 | D:1      | Reached XP level 1. HP: 18/18 MP: 1/1
    74 | D:1      | Reached XP level 2. HP: 24/24 MP: 2/2
   134 | D:1      | Reached skill level 3 in Axes
   458 | D:1      | Reached XP level 3. HP: 29/29 MP: 3/3
   900 | D:2      | Found a stormy altar of Qazlal.
   911 | D:2      | Became a worshipper of Qazlal Stormbringer
  1191 | D:2      | Found a faded altar of an unknown god.
  1221 | D:2      | Found an iron altar of Okawaru.
  1297 | D:2      | Found a bloodstained altar of Trog.
  1310 | D:2      | Noticed Natasha
  1314 | D:2      | Reached skill level 1 in Invocations
  1314 | D:2      | Reached XP level 4. HP: 35/35 MP: 4/4
  1323 | D:2      | Killed Natasha
  1323 | D:2      | Reached skill level 4 in Axes
  1790 | D:2      | Noticed Natasha
  1794 | D:2      | Killed Natasha
  1794 | D:2      | Reached XP level 5. HP: 41/41 MP: 6/6
  1907 | D:2      | Noticed Natasha
  1916 | D:2      | Killed Natasha
  2074 | D:3      | Found a radiant altar of Vehumet.
  2125 | D:3      | Found a sacrificial altar of Ru.
  2361 | D:3      | Reached * piety under Qazlal
  2549 | D:3      | Found a runed translucent door.
  2550 | D:3      | Noticed Crazy Yiuf
  2560 | D:3      | HP: 2/41 [Crazy Yiuf/+4 quarterstaff of chaos (9)]
  2560 | D:3      | Slain by Crazy Yiuf

Levels and vault maps discovered:
D:1:      shiori_shiawase, layout_loops_ring, chequers_serial_rivers_small_a
D:2:      layout_rooms, old_standard_altar, lemuel_crystal_altar,
          chequers_ecumenical_altar_grove, okawaru_metal_pillars_1_2,
          uniq_natasha
D:3:      layout_loops_ring, fiery_altar_vehumet, lemuel_doored_altar,
          first_ration, uniq_crazy_yiuf_cottage

Skill      XL: |  1  2  3  4  5 |
---------------+----------------+-----
Axes           | 3 4 |  4.7
Invocations    | 1 2 3 |  3.2
Fighting       | |  3.2
Armour         | |  3.2
Shields        | |  3.6

Action                   |  1- 3 |  4- 6 || total
-------------------------+-------+-------++-------
Melee: War axe           |   112 |   111 ||   223
  Eat: Chunk             |     1 |     5 ||     6
Armor: Scale mail        |    78 |    35 ||   113
Dodge: Dodged            |    41 |    28 ||    69
Block: Shield            |    67 |    67 ||   134

Table legend:
 A = Non-vault XP
 B = Vault XP
 C = Vault XP percentage of total XP
 D = Non-vault monster count
 E = Vault monster count
 F = Vault count percentage of total count
                 A         B        C        D         E       F
            +---------+---------+-------+---------+---------+-------
      Total |     216 |      35 |  13.9 |      60 |       1 |   1.6
            +---------+---------+-------+---------+---------+-------
        D:1 |      46 |       0 |   0.0 |      24 |       0 |   0.0
        D:2 |     123 |      35 |  22.2 |      16 |       1 |   5.9
        D:3 |      47 |       0 |   0.0 |      20 |       0 |   0.0
            +---------+---------+-------+---------+---------+-------
